 Dungeon Sprint DCSS version 0.17-a0-1570-g74b7129 (webtiles) character file.

35 tt080 the Ruffian (level 3, 0/39 HPs)
             Began as a Troll Fighter on July 23, 2015.
             Was an Initiate of Cheibriados.
             Slain by a yak (16 damage)
             ... in the Dungeon (Sprint IX: "|||||||||||||||||||||||||||||").
             The game lasted 00:01:13 (112 turns).

tt080 the Ruffian (Troll Fighter)                    Turns: 112, Time: 00:01:14

Health: 0/39       AC:  7    Str: 30    XL:     3   Next: 17%
Magic:  2/2        EV: 11    Int:  5    God:    Cheibriados [......]
Gold:   0          SH: 10    Dex: 11    Spells: 0 memorised, 2 levels left

rFire  . . .     SeeInvis .       - Unarmed
rCold  . . .     Clarity  .     a - +0 robe
rNeg   . . .     SustAt   .     b - +0 shield
rPois  .         Gourm    +     (helmet restricted)
rElec  .         Spirit   .     (no cloak)
rCorr  .         Warding  .     (gloves unavailable)
rMut   .         NoTele   +     (boots unavailable)
MR     .....                    (no amulet)
Stlth  +.........               q - +2 ring of protection
                                p - +2 ring of evasion

@: mighty, very slow, not resistant to hostile enchantments, very unstealthy
A: unfitting armour, claws 3, fast metabolism 3, gourmand, regeneration 2,
shaggy fur 1, tough skin 2
a: Bend Time, Renounce Religion


You were in the Dungeon.
You worshipped Cheibriados.
Cheibriados was noncommittal.
You were full.

You visited 1 branch

Inventory:

Armour
 a - a +0 robe (worn)
 b - a +0 shield (worn)
Magical staves
 o - an uncursed staff of energy
Jewellery
 p - a +2 ring of evasion (left claw)
 q - a +2 ring of protection (right claw)
Magical devices
 n - a wand of cold (7)
Scrolls
 j - 2 scrolls of blinking
 l - 3 scrolls of remove curse
 m - 2 scrolls of amnesia
Potions
 e - 5 potions of curing
 f - 3 potions of heal wounds
 g - a potion of haste
 h - 4 potions of magic
 i - a potion of berserk rage
 k - a potion of invisibility
Comestibles
 d - 2 bread rations


   Skills:
 + Level 3.6 Fighting
 + Level 3.4 Dodging
 + Level 3.3 Shields
 * Level 3.9 Unarmed Combat


You had 2 spell levels left.
You didn't know any spells.

Dungeon Overview and Level Annotations

Branches:
Dungeon (1/1)

Altars:
Cheibriados
Dithmenos
Elyvilon
Fedhas
Gozag
Kikubaaqudgha
Makhleb
Nemelex Xobeh
Okawaru
Qazlal
Ru
Sif Muna
Trog
Vehumet
Xom
Yredelemnul
Zin
The Shining One
Beogh
Jiyva
Lugonu


Innate Abilities, Weirdness & Mutations

You are too large for most types of armour.
You have claws for hands.
Your metabolism is lightning-fast.
You like to eat raw meat.
You heal very quickly.
You are covered in fur (AC +1).
You have very tough skin (AC +2).


Message History

You see here a +1 scale mail.
p - a +2 ring of evasion
q - a +2 ring of protection Put on which piece of jewellery? (? for menu, Esc to quit)
p - a +2 ring of evasion (left claw) Put on which piece of jewellery? (? for menu, Esc to quit)
q - a +2 ring of protection (right claw)
You open the door.
An adder, a yak, a wyvern, a gargoyle and 2 hill giants come into view.
The yak bellows!
The hill giant shouts!
The hill giant shouts!
You scratch the yak but do no damage. The yak gores you!
You claw the yak!
The yak begins to bleed from its wounds!
The yak is moderately wounded.
The yak gores you!
* * * LOW HITPOINT WARNING * * *
Drink which item? (? for menu, Esc to quit)
You feel very mighty all of a sudden. The yak gores you!
You die... ▓▓▓▓▓▓▓▓▓▓▓▓▓▓▓▓▓▓▓▓▓▓▓▓ _______'...)[[[.@YClS9.C ▓▓▓▓▓▓▓▓▓▓▓▓▓▓▓▓▓▓▓▓▓▓▓▓

You could see 2 hill giants, a yak (bleeding), a wyvern, a gargoyle and an adder.

Vanquished Creatures
  2 adders (D)
  A shadow imp (D)
  A hobgoblin (D)
  A kobold (D)
  4 goblins (D)
  A rat (D)
10 creatures vanquished.

Notes
Turn   | Place    | Note
--------------------------------------------------------------
     0 | D        | tt080 the Troll Fighter began the quest for the Orb.
     0 | D        | Reached XP level 1. HP: 22/22 MP: 0/0
    27 | D        | Reached skill level 3 in Fighting
    27 | D        | Reached XP level 2. HP: 18/31 MP: 1/1
    38 | D        | Reached XP level 3. HP: 20/37 MP: 2/2
    66 | D        | Found a glowing silver altar of Zin.
    66 | D        | Found a glowing golden altar of the Shining One.
    66 | D        | Found an ancient bone altar of Kikubaaqudgha.
    66 | D        | Found a basalt altar of Yredelemnul.
    66 | D        | Found a shimmering altar of Xom.
    66 | D        | Found a radiant altar of Vehumet.
    67 | D        | Found an iron altar of Okawaru.
    68 | D        | Found a burning altar of Makhleb.
    69 | D        | Found a deep blue altar of Sif Muna.
    70 | D        | Found a bloodstained altar of Trog.
    71 | D        | Found a sparkling altar of Nemelex Xobeh.
    72 | D        | Found a white marble altar of Elyvilon.
    73 | D        | Found a roughly hewn altar of Beogh.
    74 | D        | Found a viscous altar of Jiyva.
    75 | D        | Found a corrupted altar of Lugonu.
    76 | D        | Found a blossoming altar of Fedhas.
    77 | D        | Found a snail-covered altar of Cheibriados.
    78 | D        | Found a shadowy altar of Dithmenos.
    79 | D        | Found a stormy altar of Qazlal.
    80 | D        | Found an opulent altar of Gozag.
    81 | D        | Found a sacrificial altar of Ru.
    85 | D        | Became a worshipper of Cheibriados the Contemplative
   109 | D        | Noticed a yak
   109 | D        | Noticed a hill giant
   109 | D        | Noticed a wyvern
   109 | D        | Noticed a gargoyle
   109 | D        | Noticed a hill giant
   112 | D        | Slain by a yak

Vault maps used:
D:        linesprint

Action                   || total
-------------------------++-------
Melee: Unarmed           ||    34
  Use: Potion            ||     1
  Eat: Chunk             ||     4
